Map: Odyssey LE

Players

Dauntless - Winner!

  • Race: Zerg Zerg
  • Spawn Location: 11:00

Cháncellor

  • Race: Zerg Zerg
  • League: Diamond
  • Spawn Location: 5:00

VOD

Have the link to the VOD?

Description

Time

  • Played on: Jan. 20, 2018, 6:50 p.m.
  • Length: 4:00
Show
View Real Time Build Order
Export as new Build Order

Dauntless Zerg - Winner!

Build Orders: Pool Only 

Get SALT Encoding   

  12  0:00  Drone  
  13  0:08  Drone  
  14  0:29  Spawning Pool, Drone  
  14  0:39  Extractor x2, Drone  
  14  0:41  Drone  
  16  0:46  Overlord  
  16  1:16  Zergling x6  
  19  1:28  Zergling x2  
  20  1:39  Zergling x2  
  21  1:55  Zergling x2  
  22  2:24  Spine Crawler x2  
  22  2:28  Spine Crawler  
  22  2:29  Spine Crawler  
  15  2:37  Spine Crawler  
  15  2:40  Zergling x4  
  15  2:42  Spine Crawler  
  12  2:48  Spine Crawler  
  12  2:50  Zergling x2  
  10  2:55  Zergling x2  
  10  3:03  Zergling x2  
  11  3:18  Zergling x2  
  12  3:26  Zergling x2  
  13  3:41  Zergling x2  
Show
View Real Time Build Order
Export as new Build Order

Cháncellor Zerg 

Build Orders: Hatch First 

Get SALT Encoding   

  12  0:01  Drone  
  13  0:12  Overlord  
  13  0:17  Drone  
  14  0:30  Drone x2  
  14  0:34  Drone  
  17  0:53  Hatchery  
  17  0:56  Drone  
  17  0:59  Drone  
  18  1:11  Extractor  
  17  1:15  Spawning Pool  
  17  1:17  Drone  
  17  1:23  Drone  
  18  1:28  Drone  
  19  1:38  Overlord  
  19  2:02  Zergling x4  
  19  2:03  Queen  
  19  2:05  Queen  
  19  2:06  Zergling x2  
  26  2:11  Spine Crawler  
  26  2:13  Zergling x2  
  25  2:33  Zergling x2  
  25  2:34  Zergling x6  
  26  2:42  Zergling x2  
  17  3:19  Drone  
  19  3:20  Drone  
  16  3:42  Drone  
  16  3:43  Drone  
Tags
 
League
Diamond
Matchup
ZvZ
Race
Zerg
Spawn Locations
Cross Positions
Add a new tag
Caveats
  • Supply blocks, unpowered buildings, or Contaminate may cause inaccurate times.
  • Supply counts are checked every 10 seconds.